Map: King Sejong Station LE

Players

Hydra - Winner!

  • Race: Zerg Zerg

Welmu

  • Race: Protoss Protoss

Event: 2016 WCS Summer Circuit Championship (DH Montreal)

VOD

Have the link to the VOD?

Description

Time

  • Played on: Aug. 12, 2016, 11:33 a.m.
  • Length: 7:33

All games in this series

Show
View Real Time Build Order
Export as new Build Order

Hydra Zerg - Winner!

Build Orders: Hatch First 

Get SALT Encoding   

  12  0:00  Drone  
  13  0:07  Drone  
  14  0:16  Overlord  
  14  0:21  Extractor  
  13  0:23  Drone  
  15  0:44  Hatchery  
  15  0:47  Drone  
  15  0:51  Drone  
  15  0:55  Drone  
  17  0:58  Drone  
  18  1:06  Extractor  
  17  1:15  Spawning Pool  
  16  1:18  Drone  
  16  1:21  Drone  
  18  1:30  Drone  
  19  1:41  Overlord  
  19  1:53  Drone  
  20  1:57  Drone  
  20  2:01  Queen x2  
  21  2:02  Zergling x2  
  21  2:07  Drone  
  27  2:11  Metabolic Boost  
  27  2:15  Drone  
  28  2:18  Drone  
  29  2:24  Drone  
  29  2:29  Drone  
  31  2:40  Hatchery  
  31  2:44  Zergling x2  
  31  2:47  Pneumatized Carapace  
  31  2:52  Overlord  
  31  2:54  Zergling x2  
  32  2:59  Drone  
  32  3:01  Drone  
  32  3:02  Drone  
  35  3:07  Drone  
  35  3:11  Drone x3  
  39  3:13  Drone  
  39  3:15  Drone  
  39  3:18  Overlord  
  41  3:23  Overlord  
  41  3:36  Queen  
  41  3:38  Drone  
  44  3:42  Drone  
  44  3:43  Drone x3, Spore Crawler x2  
  44  3:45  Drone  
  44  3:46  Drone  
  49  3:48  Drone  
  49  3:52  Evolution Chamber  
  49  3:55  Drone  
  49  3:58  Queen  
  51  4:03  Drone  
  51  4:04  Drone  
  51  4:08  Drone  
  53  4:10  Drone x2  
  53  4:11  Drone  
  53  4:16  Spore Crawler  
  52  4:18  Spore Crawler  
  52  4:19  Drone  
  52  4:20  Drone  
  52  4:22  Drone  
  52  4:23  Drone x2  
  56  4:27  Lair  
  56  4:31  Overlord x2  
  57  4:42  Extractor  
  57  4:45  Drone  
  57  4:51  Zergling x12  
  63  4:53  Zergling x8  
  63  4:54  Zergling x4  
  69  5:03  Zerg Melee Weapons Level 1  
  69  5:05  Overlord  
  69  5:06  Overlord  
  69  5:07  Extractor  
  69  5:12  Overlord  
  67  5:19  Extractor  
  66  5:24  Drone  
  66  5:25  Drone  
  66  5:26  Drone x3  
  66  5:27  Drone  
  66  5:28  Drone  
  72  5:30  Extractor x2  
  72  5:33  Drone  
  72  5:34  Hydralisk Den  
  70  5:38  Drone  
  70  5:39  Drone  
  70  5:40  Drone  
  70  5:41  Drone x2  
  74  5:45  Drone  
  74  5:47  Overlord  
  75  5:50  Drone  
  75  5:51  Drone x2  
  78  5:59  Overlord x3  
  76  6:08  Drone x2  
  76  6:09  Drone x2  
  78  6:12  Hydralisk x3  
  78  6:14  Hatchery  
  78  6:18  Hydralisk, Overseer  
  83  6:19  Hydralisk  
  83  6:22  Drone x2  
  83  6:23  Hydralisk  
  83  6:25  Hydralisk x2  
  91  6:29  Overlord  
  95  6:33  Hydralisk x2  
  95  6:34  Hydralisk x2  
  103  6:40  Drone  
  103  6:41  Drone  
  103  6:42  Drone  
  103  6:45  Spire  
  105  6:55  Zergling x2  
  105  6:56  Zergling x20  
  116  7:03  Zergling x8  
  119  7:12  Zergling x4  
Show
View Real Time Build Order
Export as new Build Order

Welmu Protoss 

Build Orders: 1 Gate Expand, Oracle Opening, Phoenix Opening 

Get SALT Encoding   

  12  0:00  Probe (Chrono Boost)  
  13  0:11  Probe (Chrono Boost)  
  14  0:18  Pylon  
  14  0:21  Probe (Chrono Boost)  
  15  0:36  Probe (Chrono Boost)  
  15  0:39  Gateway  
  16  0:47  Probe (Chrono Boost)  
  16  0:48  Assimilator  
  17  0:57  Probe (Chrono Boost)  
  18  1:08  Probe (Chrono Boost)  
  20  1:18  Probe (Chrono Boost)  
  20  1:25  Nexus  
  20  1:35  Cybernetics Core  
  20  1:39  Probe (Chrono Boost)  
  21  1:43  Assimilator  
  21  1:50  Probe (Chrono Boost)  
  21  1:53  Pylon  
  22  2:00  Probe (Chrono Boost)  
  23  2:08  Adept  
  23  2:12  Probe (Chrono Boost), Warp Gate  
  26  2:24  Probe (Chrono Boost)  
  27  2:30  Stargate  
  27  2:32  Zealot  
  27  2:36  Probe (Chrono Boost)  
  30  2:38  Probe (Chrono Boost)  
  31  2:48  Probe (Chrono Boost)  
  31  2:50  Mothership Core (Chrono Boost)  
  34  2:52  Pylon  
  34  2:59  Probe (Chrono Boost)  
  35  3:08  Probe (Chrono Boost)  
  35  3:10  Probe (Chrono Boost)  
  35  3:11  Oracle  
  37  3:18  Probe (Chrono Boost)  
  41  3:22  Probe (Chrono Boost)  
  41  3:25  Gateway  
  41  3:26  Gateway  
  42  3:29  Probe (Chrono Boost)  
  44  3:34  Probe (Chrono Boost)  
  44  3:36  Pylon  
  44  3:39  Probe (Chrono Boost)  
  45  3:44  Phoenix  
  45  3:46  Probe (Chrono Boost)  
  48  3:50  Probe (Chrono Boost)  
  49  3:58  Probe (Chrono Boost)  
  49  4:00  Probe (Chrono Boost)  
  51  4:10  Probe (Chrono Boost)  
  51  4:11  Probe (Chrono Boost)  
  52  4:22  Probe x2 (Chrono Boost)  
  54  4:25  Assimilator  
  54  4:28  Assimilator  
  54  4:29  Pylon  
  54  4:32  Probe (Chrono Boost), Adept x3  
  54  4:34  Probe (Chrono Boost)  
  62  4:41  Nexus  
  62  4:43  Twilight Council  
  62  4:44  Forge  
  62  4:47  Pylon  
  62  4:50  Pylon  
  62  4:51  Probe (Chrono Boost)  
  62  4:54  Probe (Chrono Boost)  
  61  5:03  Probe (Chrono Boost), Protoss Ground Weapons Level 1  
  61  5:04  Sentry x2  
  61  5:05  Zealot  
  67  5:09  Blink, Probe (Chrono Boost)  
  69  5:15  Probe (Chrono Boost)  
  69  5:20  Probe (Chrono Boost)  
  70  5:27  Probe (Chrono Boost)  
  71  5:32  Zealot x2  
  75  5:38  Robotics Facility  
  75  5:42  Zealot  
  76  5:50  Gateway  
  76  5:52  Zealot  
  76  5:53  Zealot  
  76  5:56  Probe (Chrono Boost)  
  82  5:58  Probe (Chrono Boost)  
  82  5:59  Probe (Chrono Boost)  
  77  6:05  Gateway  
  77  6:07  Sentry  
  77  6:08  Probe (Chrono Boost)  
  77  6:10  Probe (Chrono Boost)  
  77  6:11  Probe (Chrono Boost)  
  82  6:16  Zealot  
  84  6:21  Sentry, Gateway  
  84  6:24  Warp Prism  
  84  6:26  Gateway  
  86  6:33  Pylon  
  86  6:35  Probe (Chrono Boost)  
  86  6:36  Probe (Chrono Boost)  
  88  6:45  Probe (Chrono Boost)  
  89  6:48  Sentry x2  
  89  6:49  Stalker x2  
  97  6:59  Probe x2 (Chrono Boost)  
  97  7:00  Probe (Chrono Boost)  
  100  7:08  Pylon x2  
  100  7:11  Probe (Chrono Boost), Pylon  
  101  7:19  Stalker x4  
Tags
 
Add a new tag
Caveats
  • Supply blocks, unpowered buildings, or Contaminate may cause inaccurate times.
  • Supply counts are checked every 10 seconds.